[ AOE2 MATCH · #504594311 ]
UnrankedArmenians vs Vietnamese
Player's team · LOSS
[ REPLAY ANALYSIS · EXTRACTED FROM THE RECORDED GAME ]
Feudal
13:57
Castle
20:33
Imperial
39:19
| APM avg | 50.5 |
| APM peak | 82 |
| eAPM avg | 25.3 |
| Villagers / military | 125 / 128 |
Focus
⚔️ 33.4% · 🌾 66.6%
Skirmisher ×62 · Militia ×25 · Spearman ×15 · Composite Bowman ×10 · Monk ×8 · Trebuchet (Packed) ×4
Feudal
9:53
Castle
20:23
Imperial
36:06
| APM avg | 59.1 |
| APM peak | 114 |
| eAPM avg | 32.7 |
| Villagers / military | 155 / 204 |
Focus
⚔️ 50.4% · 🌾 49.6%
Rattan Archer ×74 · Scout Cavalry ×58 · Cavalry Archer ×34 · Archer ×18 · Bombard Cannon ×16 · Scorpion ×3
Match map
Initial resources + every placement click. Lines = walls · curves = elevation contours. ◆ gold · ⬟ stone · ● berries · ✦ relic · ◌ wall gap
Your base· Open — 7t gap
Zamaa's base· Open — 5t gap
Smoothed initial terrain · ◌ = detected wall gap · hover for details
Inputs per minute
— CORP_hector_sin_elo - - Zamaa
Build order — CORP_hector_sin_elo
First 150 of 449 actions detected
| 0:01 | Create | Villager (Male) |
| 0:01 | Create | Villager (Male) |
| 0:01 | Create | Villager (Male) |
| 0:02 | Build | House |
| 0:04 | Build | House |
| 0:26 | Create | Villager (Male) |
| 0:26 | Create | Villager (Male) |
| 1:28 | Create | Villager (Male) |
| 1:51 | Create | Villager (Male) |
| 2:20 | Create | Villager (Male) |
| 2:50 | Create | Villager (Male) |
| 3:03 | Build | Barracks |
| 3:12 | Create | Villager (Male) |
| 3:42 | Create | Villager (Male) |
| 3:49 | Build | House |
| 3:55 | Build | House |
| 4:03 | Create | Villager (Male) |
| 4:35 | Create | Villager (Male) |
| 4:57 | Create | Militia |
| 5:07 | Create | Villager (Male) |
| 5:24 | Create | Militia |
| 5:33 | Create | Villager (Male) |
| 5:35 | Build | House |
| 6:07 | Create | Villager (Male) |
| 6:11 | Build | Mule Cart |
| 6:24 | Create | Militia |
| 6:27 | Create | Villager (Male) |
| 6:40 | Create | Militia |
| 6:52 | Build | Mill |
| 7:05 | Create | Militia |
| 7:23 | Build | House |
| 7:24 | Create | Villager (Male) |
| 7:51 | Create | Villager (Male) |
| 8:05 | Build | House |
| 8:08 | Create | Villager (Male) |
| 8:33 | Build | Mule Cart |
| 8:39 | Build | House |
| 8:44 | Create | Villager (Male) |
| 8:51 | Build | Farm |
| 9:02 | Create | Villager (Male) |
| 9:12 | Build | Farm |
| 9:17 | Build | Palisade Wall |
| 9:18 | Build | Palisade Wall |
| 9:19 | Build | Palisade Wall |
| 9:20 | Build | Palisade Wall |
| 9:20 | Build | Palisade Wall |
| 9:21 | Build | Palisade Wall |
| 9:22 | Build | Palisade Wall |
| 9:37 | Create | Villager (Male) |
| 9:56 | Research | Loom |
| 10:05 | Build | Farm |
| 10:24 | Build | House |
| 10:25 | Build | Palisade Wall |
| 10:28 | Create | Villager (Male) |
| 10:30 | Build | Palisade Wall |
| 10:31 | Build | Palisade Wall |
| 10:43 | Build | Palisade Wall |
| 10:44 | Build | Palisade Wall |
| 10:44 | Build | Palisade Wall |
| 10:45 | Build | Palisade Wall |
| 10:46 | Build | Palisade Wall |
| 10:46 | Build | Palisade Wall |
| 10:47 | Build | Palisade Wall |
| 10:53 | Create | Villager (Male) |
| 11:22 | Create | Villager (Male) |
| 11:35 | Build | Farm |
| 11:43 | Research | Feudal Age |
| 11:53 | Build | Farm |
| 13:55 | Build | Palisade Wall |
| 13:57 | Age | Feudal Age |
| 14:04 | Build | Archery Range |
| 14:29 | Create | Skirmisher |
| 14:38 | Create | Skirmisher |
| 14:39 | Research | Man-at-Arms (upgrade) |
| 14:40 | Create | Villager (Male) |
| 14:52 | Build | Blacksmith |
| 14:57 | Create | Skirmisher |
| 15:08 | Create | Skirmisher |
| 15:08 | Create | Villager (Male) |
| 15:09 | Create | Villager (Male) |
| 15:25 | Build | Farm |
| 15:26 | Build | Farm |
| 15:33 | Build | Palisade Wall |
| 15:34 | Build | Palisade Wall |
| 15:35 | Build | Palisade Wall |
| 15:51 | Build | Farm |
| 15:53 | Build | Farm |
| 15:56 | Build | Farm |
| 16:00 | Build | Farm |
| 16:01 | Create | Villager (Male) |
| 16:06 | Build | Farm |
| 16:31 | Build | Palisade Wall |
| 16:32 | Build | Palisade Wall |
| 16:38 | Create | Villager (Male) |
| 16:40 | Build | Farm |
| 16:45 | Build | Farm |
| 17:03 | Build | House |
| 17:11 | Build | Farm |
| 17:39 | Create | Archer |
| 17:53 | Research | Castle Age |
| 17:55 | Create | Archer |
| 18:22 | Build | House |
| 18:27 | Create | Archer |
| 18:30 | Research | Man-at-Arms (upgrade) |
| 18:35 | Build | Palisade Wall |
| 18:42 | Research | Double-Bit Axe |
| 18:50 | Build | House |
| 19:19 | Build | House |
| 19:31 | Research | Fletching |
| 19:41 | Build | Palisade Wall |
| 19:42 | Build | Palisade Wall |
| 19:56 | Research | Padded Archer Armor |
| 19:58 | Create | Skirmisher |
| 20:08 | Build | Farm |
| 20:15 | Research | Long Swordsman (upgrade) |
| 20:24 | Create | Skirmisher |
| 20:27 | Create | Villager (Male) |
| 20:33 | Age | Castle Age |
| 20:41 | Create | Skirmisher |
| 20:43 | Research | Elite Skirmisher (upgrade) |
| 20:46 | Create | Villager (Male) |
| 21:02 | Build | Town Center |
| 21:19 | Build | Town Center |
| 21:43 | Create | Skirmisher |
| 21:51 | Build | Palisade Wall |
| 22:04 | Build | House |
| 22:06 | Build | Palisade Wall |
| 22:10 | Create | Skirmisher |
| 22:17 | Create | Villager (Male) |
| 22:21 | Build | House |
| 24:12 | Research | Wheelbarrow |
| 24:12 | Create | Villager (Male) |
| 24:13 | Research | Two-Handed Swordsman (upgrade) |
| 24:19 | Create | Villager (Male) |
| 24:39 | Build | Palisade Wall |
| 24:52 | Create | Villager (Male) |
| 24:59 | Research | Gambesons |
| 25:06 | Build | Farm |
| 25:08 | Build | Farm |
| 25:13 | Create | Skirmisher |
| 25:16 | Create | Villager (Male) |
| 25:26 | Build | Farm |
| 25:28 | Create | Villager (Male) |
| 25:49 | Create | Villager (Male) |
| 25:52 | Create | Skirmisher |
| 26:00 | Build | Farm |
| 26:00 | Build | Farm |
| 26:01 | Build | Farm |
| 26:05 | Build | Farm |
| 26:09 | Research | Scale Mail Armor |
Build order — Zamaa
First 150 of 507 actions detected
| 0:00 | Create | Villager (Male) |
| 0:00 | Create | Villager (Male) |
| 0:01 | Create | Villager (Male) |
| 0:01 | Create | Villager (Male) |
| 0:01 | Create | Villager (Male) |
| 0:04 | Build | House |
| 0:05 | Build | House |
| 1:12 | Create | Villager (Male) |
| 1:39 | Create | Villager (Male) |
| 2:14 | Create | Villager (Male) |
| 2:19 | Build | Lumber Camp |
| 2:50 | Create | Villager (Male) |
| 2:50 | Create | Villager (Male) |
| 3:17 | Create | Villager (Male) |
| 3:37 | Create | Villager (Male) |
| 3:50 | Research | Loom |
| 4:21 | Create | Villager (Male) |
| 4:41 | Build | Palisade Wall |
| 4:43 | Create | Villager (Male) |
| 5:07 | Build | House |
| 5:10 | Create | Villager (Male) |
| 5:15 | Build | House |
| 5:45 | Build | Palisade Wall |
| 5:49 | Create | Villager (Male) |
| 6:16 | Create | Villager (Male) |
| 6:35 | Build | Palisade Wall |
| 6:36 | Build | Palisade Wall |
| 6:47 | Create | Villager (Male) |
| 6:50 | Build | Mill |
| 7:12 | Create | Villager (Male) |
| 7:43 | Research | Feudal Age |
| 7:58 | Build | Palisade Wall |
| 7:59 | Build | Palisade Wall |
| 8:45 | Build | Mining Camp |
| 8:50 | Build | Palisade Wall |
| 8:50 | Build | Palisade Wall |
| 8:51 | Build | Palisade Wall |
| 9:13 | Build | Barracks |
| 9:24 | Create | Villager (Male) |
| 9:31 | Build | Palisade Wall |
| 9:44 | Build | Palisade Wall |
| 9:53 | Age | Feudal Age |
| 10:16 | Build | Archery Range |
| 10:16 | Create | Villager (Male) |
| 10:39 | Create | Villager (Male) |
| 11:02 | Create | Archer |
| 11:02 | Create | Archer |
| 11:23 | Create | Villager (Male) |
| 11:24 | Create | Villager (Male) |
| 11:43 | Build | Blacksmith |
| 11:45 | Build | House |
| 11:59 | Build | Palisade Wall |
| 12:03 | Create | Archer |
| 12:09 | Research | Double-Bit Axe |
| 12:20 | Build | Farm |
| 12:23 | Build | Farm |
| 12:27 | Create | Villager (Male) |
| 12:35 | Research | Fletching |
| 12:36 | Build | House |
| 12:46 | Create | Archer |
| 12:52 | Build | Farm |
| 13:01 | Build | Palisade Wall |
| 13:01 | Create | Villager (Male) |
| 13:03 | Build | House |
| 13:10 | Create | Archer |
| 13:26 | Create | Villager (Male) |
| 13:28 | Build | Farm |
| 13:30 | Build | Farm |
| 13:44 | Create | Villager (Male) |
| 13:45 | Build | Farm |
| 14:09 | Create | Archer |
| 14:13 | Build | Outpost |
| 14:22 | Create | Villager (Male) |
| 14:24 | Build | Farm |
| 14:26 | Build | Farm |
| 14:33 | Create | Villager (Male) |
| 14:42 | Create | Archer |
| 14:44 | Create | Villager (Male) |
| 14:49 | Build | Farm |
| 14:50 | Build | Farm |
| 15:05 | Build | Farm |
| 15:12 | Build | Outpost |
| 15:27 | Build | Farm |
| 15:35 | Create | Villager (Male) |
| 15:57 | Build | Market |
| 16:10 | Build | Farm |
| 16:15 | Build | House |
| 16:17 | Build | House |
| 16:25 | Create | Villager (Male) |
| 16:42 | Research | Town Watch |
| 16:53 | Create | Archer |
| 17:08 | Create | Villager (Male) |
| 17:32 | Create | Archer |
| 17:43 | Research | Castle Age |
| 17:43 | Research | Castle Age |
| 18:20 | Create | Archer |
| 19:16 | Create | Villager (Male) |
| 19:18 | Create | Archer |
| 19:22 | Build | House |
| 19:42 | Create | Archer |
| 19:58 | Create | Archer |
| 20:03 | Build | Archery Range |
| 20:11 | Build | Archery Range |
| 20:16 | Build | Palisade Wall |
| 20:20 | Build | House |
| 20:23 | Age | Castle Age |
| 20:25 | Research | Bodkin Arrow |
| 20:25 | Research | Bodkin Arrow |
| 20:25 | Research | Crossbowman (upgrade) |
| 20:40 | Create | Villager (Male) |
| 20:56 | Build | Town Center |
| 21:02 | Research | Horse Collar |
| 21:03 | Research | Bow Saw |
| 21:03 | Research | Bow Saw |
| 21:05 | Research | Gold Mining |
| 21:24 | Create | Archer |
| 21:24 | Create | Archer |
| 21:31 | Build | Stone Wall |
| 21:56 | Create | Villager (Male) |
| 22:01 | Create | Villager (Male) |
| 22:23 | Create | Villager (Male) |
| 22:27 | Create | Villager (Male) |
| 22:37 | Build | Siege Workshop |
| 22:52 | Create | Villager (Male) |
| 22:57 | Build | Stone Wall |
| 22:58 | Build | Stone Wall |
| 23:03 | Create | Villager (Male) |
| 23:07 | Create | Archer |
| 23:36 | Create | Villager (Male) |
| 23:40 | Create | Archer |
| 23:40 | Create | Archer |
| 23:41 | Create | Villager (Male) |
| 23:46 | Create | Scorpion |
| 24:10 | Create | Villager (Male) |
| 24:13 | Create | Scorpion |
| 24:19 | Create | Cavalry Archer |
| 24:19 | Create | Cavalry Archer |
| 24:23 | Create | Villager (Male) |
| 24:26 | Build | House |
| 24:28 | Research | Wheelbarrow |
| 24:36 | Create | Villager (Male) |
| 24:36 | Create | Villager (Male) |
| 24:49 | Build | Stone Wall |
| 25:04 | Build | House |
| 25:07 | Build | House |
| 25:29 | Build | Archery Range |
| 25:37 | Create | Cavalry Archer |
| 25:37 | Create | Cavalry Archer |
| 25:39 | Create | Villager (Male) |
| 25:46 | Research | Padded Archer Armor |
Match timeline
| 3:03 | CORP_hector_sin_elo · first_building Barracks |
| 4:41 | Zamaa · wall_segment Palisade Wall x4 |
| 5:45 | Zamaa · wall_segment Palisade Wall x7 |
| 6:35 | Zamaa · wall_segment Palisade Wall x1 |
| 6:36 | Zamaa · wall_segment Palisade Wall x1 |
| 7:58 | Zamaa · wall_segment Palisade Wall x1 |
| 7:59 | Zamaa · wall_segment Palisade Wall x1 |
| 8:50 | Zamaa · wall_segment Palisade Wall x1 |
| 8:50 | Zamaa · wall_segment Palisade Wall x1 |
| 8:51 | Zamaa · wall_segment Palisade Wall x1 |
| 9:13 | Zamaa · first_building Barracks |
| 9:17 | CORP_hector_sin_elo · wall_segment Palisade Wall x1 |
| 9:18 | CORP_hector_sin_elo · wall_segment Palisade Wall x3 |
| 9:19 | CORP_hector_sin_elo · wall_segment Palisade Wall x2 |
| 9:20 | CORP_hector_sin_elo · wall_segment Palisade Wall x1 |
| 9:20 | CORP_hector_sin_elo · wall_segment Palisade Wall x2 |
| 9:21 | CORP_hector_sin_elo · wall_segment Palisade Wall x1 |
| 9:22 | CORP_hector_sin_elo · wall_segment Palisade Wall x1 |
| 9:31 | Zamaa · wall_segment Palisade Wall x1 |
| 9:44 | Zamaa · wall_segment Palisade Wall x1 |
| 9:53 | Zamaa · age_up feudal |
| 10:16 | Zamaa · first_building Archery Range |
| 10:25 | CORP_hector_sin_elo · wall_segment Palisade Wall x5 |
| 10:30 | CORP_hector_sin_elo · wall_segment Palisade Wall x1 |
| 10:31 | CORP_hector_sin_elo · wall_segment Palisade Wall x5 |
| 10:43 | CORP_hector_sin_elo · wall_segment Palisade Wall x1 |
| 10:44 | CORP_hector_sin_elo · wall_segment Palisade Wall x4 |
| 10:44 | CORP_hector_sin_elo · wall_segment Palisade Wall x3 |
| 10:45 | CORP_hector_sin_elo · wall_segment Palisade Wall x3 |
| 10:46 | CORP_hector_sin_elo · wall_segment Palisade Wall x2 |
| 10:46 | CORP_hector_sin_elo · wall_segment Palisade Wall x2 |
| 10:47 | CORP_hector_sin_elo · wall_segment Palisade Wall x3 |
| 11:59 | Zamaa · wall_segment Palisade Wall x1 |
| 13:01 | Zamaa · wall_segment Palisade Wall x6 |
| 13:55 | CORP_hector_sin_elo · wall_segment Palisade Wall x1 |
| 13:57 | CORP_hector_sin_elo · age_up feudal |
| 14:04 | CORP_hector_sin_elo · first_building Archery Range |
| 15:33 | CORP_hector_sin_elo · wall_segment Palisade Wall x1 |
| 15:34 | CORP_hector_sin_elo · wall_segment Palisade Wall x1 |
| 15:35 | CORP_hector_sin_elo · wall_segment Palisade Wall x4 |
| 16:31 | CORP_hector_sin_elo · wall_segment Palisade Wall x5 |
| 16:32 | CORP_hector_sin_elo · wall_segment Palisade Wall x5 |
| 17:01 | Zamaa · first_market_sell 100 wood |
| 17:38 | Zamaa · first_market_buy 100 food |
| 18:35 | CORP_hector_sin_elo · wall_segment Palisade Wall x1 |
| 19:41 | CORP_hector_sin_elo · wall_segment Palisade Wall x1 |
| 19:42 | CORP_hector_sin_elo · wall_segment Palisade Wall x1 |
| 20:16 | Zamaa · wall_segment Palisade Wall x6 |
| 20:23 | Zamaa · age_up castle |
| 20:33 | CORP_hector_sin_elo · age_up castle |
| 21:31 | Zamaa · wall_segment Stone Wall x5 |
| 21:51 | CORP_hector_sin_elo · wall_segment Palisade Wall x1 |
| 22:06 | CORP_hector_sin_elo · wall_segment Palisade Wall x1 |
| 22:37 | Zamaa · first_building Siege Workshop |
| 22:57 | Zamaa · wall_segment Stone Wall x1 |
| 22:58 | Zamaa · wall_segment Stone Wall x2 |
| 24:39 | CORP_hector_sin_elo · wall_segment Palisade Wall x1 |
| 24:49 | Zamaa · wall_segment Stone Wall x1 |
| 26:18 | Zamaa · first_building Stable |
| 26:29 | Zamaa · wall_segment Stone Wall x4 |
| 27:14 | CORP_hector_sin_elo · first_building Castle |
| 27:40 | Zamaa · wall_segment Stone Wall x1 |
| 29:27 | Zamaa · wall_segment Stone Wall x1 |
| 32:26 | CORP_hector_sin_elo · first_building Monastery |
| 33:17 | CORP_hector_sin_elo · first_building Siege Workshop |
| 35:42 | Zamaa · first_building Castle |
| 36:06 | Zamaa · age_up imperial |
| 39:19 | CORP_hector_sin_elo · age_up imperial |
| 41:36 | Zamaa · first_building Monastery |
| 42:53 | CORP_hector_sin_elo · first_building Stable |
| 54:12 | CORP_hector_sin_elo · resign |
[ AI ANALYSIS · 1 CREDIT ]
What really happened in this match?
Wolo.gg analyzes every decision: build order, eco, micro, common mistakes by bracket. Personalized analysis on WhatsApp or Discord in 30 seconds.
Civ guide
Armenians
Perfil
Jugador #459775